 Dungeon Crawl Stone Soup version 0.30-a0-168-g0b976cbdc4 (webtiles) character file.

Game seed: 17709782783610192342

10695 qw the Blocker (level 11, -27/67 HPs)
             Began as a Gargoyle Fighter on Sept 29, 2022.
             Was an Elder of Okawaru.
             Annihilated by a white ugly thing (32 damage)
             ... on level 10 of the Dungeon.
             The game lasted 00:04:24 (11080 turns).

qw the Blocker (Gargoyle Fighter)                  Turns: 11080, Time: 00:04:25

Health: -27/67     AC: 27    Str: 24    XL:     11   Next: 66%
Magic:  12/14      EV: 11    Int: 13    God:    Okawaru [****..]
Gold:   441        SH: 18    Dex:  9    Spells: 10/10 levels left

rFire   . . .      SeeInvis +    Y - +2 war axe (flame)
rCold   . . .      Faith    .    f - +0 tower shield
rNeg    + . .      Spirit   .    r - +0 plate armour
rPois   inf        Reflect  .    (no helmet)
rElec   +          Harm     .    t - +1 cloak
rCorr   .          Rampage  .    (no gloves)
Will    .....                    (no boots)
Stlth   ..........               c - amulet "Veemoy Omupt" {Regen+ Int+6}
HPRegen 1.01/turn                l - ring of see invisible
MPRegen 0.14/turn                b - +4 ring of evasion

@: about to teleport, heroic
A: sickness immunity, AC +8, negative energy resistance 1, electricity
resistance, torment resistance 1, petrification resistance, iridescent scales 1,
dopey 1
a: Renounce Religion, Heroism, Finesse


You were on level 10 of the Dungeon.
You worshipped Okawaru.
Okawaru was greatly pleased with you.
You visited 2 branches of the dungeon, and saw 12 of its levels.

You collected 751 gold pieces.
You spent 310 gold pieces at shops.


Innate Abilities, Weirdness & Mutations

You are immune to sickness and miasma.
Your stone body is resilient. (AC +8)
You are immune to poison.
You resist negative energy. (rN+)
You are resistant to electric shocks. (rElec)
You are resistant to unholy torment.
You are immune to petrification.
You are partially covered in iridescent scales. (AC +2)
You are dopey. (Int -2)


   Skills:
 - Level 7.3(12.3) Fighting
 - Level 10.0(15.0) Axes
 - Level 1.4(6.4) Throwing
 - Level 6.6(11.6) Armour
 - Level 1.4(6.4) Dodging
 + Level 12.5(17.5) Shields
 + Level 4.9 Invocations


You had 10 spell levels left.
You didn't know any spells.
Your spell library was empty.

Inventory:

Hand Weapons
 Y - a +2 war axe of flaming (weapon)
Missiles
 e - 5 boomerangs (quivered)
Armour
 f - a +0 tower shield (worn)
 r - a +0 plate armour (worn)
 t - a +1 cloak (worn)
Jewellery
 b - a +4 ring of evasion (right hand)
 c - the amulet "Veemoy Omupt" (around neck) {Regen+ Int+6}
   (You found it on level 8 of the Dungeon)

   [amulet of regeneration]

   Int:       It affects your intelligence (+6).
   Regen:     It increases your rate of health regeneration.
 l - a ring of see invisible (left hand)
 m - a +3 ring of evasion
Scrolls
 k - a scroll of identify
 q - 2 scrolls of teleportation
Potions
 a - a potion of curing
 d - 4 potions of might
 g - a potion of magic
 h - a potion of mutation
 j - a potion of cancellation {unknown}
 n - a potion of attraction
 o - a potion of resistance
 p - a potion of haste

Dungeon Overview and Level Annotations

Branches:
Dungeon (11/15)            Temple (1/1) D:7             Orc (0/2) D:11
   Lair: D:8-11

Altars:
Ashenzari
Cheibriados
Dithmenos
Elyvilon
Fedhas
Gozag
Hepliaklqana
Kikubaaqudgha
Makhleb
Nemelex Xobeh
Okawaru
Qazlal
Ru
Sif Muna
Trog
Uskayaw
Vehumet
Wu Jian
Xom
Yredelemnul
Zin
The Shining One

Shops:
D:5 :   D:7 =   D:9 :

Annotations:
D:7 3 runed translucent doors, qw's ghost, novice GrFi


Message History

The wraith is severely damaged.
The wraith closely misses you.
You hit the wraith but do no damage.
The wraith is severely damaged.
You slash the wraith! You burn the wraith.
You destroy the wraith!
Okawaru accepts your kill.
You feel like a meek peon again.
You start resting.
Magic restored.
You start resting.
HP restored.
Done exploring.
(D) Dungeon (T) Temple (O) Orcish Mines
Where to? (* - list waypoints, Enter - D:11, ? - help)
What level of the Dungeon? (default 1, ? - help)
You climb downwards.
The white ugly thing punches you but does no damage.
There is a stone staircase leading up here.
11074 ||| STAIRDANCE The white ugly thing punches you.
The white ugly thing freezes you!!
You climb upwards.
There is a stone staircase leading down here.
11076 ||| INVOKING Heroism.
You gain the combat prowess of a mighty hero.
You block the white ugly thing's attack.
You hit the white ugly thing. You burn the white ugly thing.
The white ugly thing is lightly wounded.
You block the white ugly thing's attack.
You hit the white ugly thing but do no damage.
The white ugly thing is lightly wounded.
You block the white ugly thing's attack.
You slice the white ugly thing!! You burn the white ugly thing.
The white ugly thing is moderately wounded.
The white ugly thing punches you. The white ugly thing freezes you!
11080 ||| READING 3 scrolls of teleportation.
As you read the scroll of teleportation, it crumbles to dust.
You feel strangely unstable. The white ugly thing punches you!
The white ugly thing freezes you!!
You die...

#...............###..<...#
#.<...........[.# ##......
#...............# ##.....
##...........:.#######.#..
##.....#.....##.........#
##############.......###
############.......#
#.....>P..#........#
#....@%PPPP........#
#...u..P_PP#.......#
#......P.PP#.......#
#......P.P...#####.###
#............## ##....
######.~...#..###.....
#^¤.~.##.........
#¤¤¤..###....)...
#.¤¤~.¤...#.....:


You could see a white ugly thing.

Vanquished Creatures
  A centaur warrior (D:10)
  5 death yaks (D:10)
  A gargoyle (D:10)
  An unseen horror (D:9)
  3 trolls (D:10)
  6 yaks (D:10)
  A vampire (D:9)
  2 wraiths
  3 steam dragons
  A water moccasin (D:8)
  4 orc warriors
  2 ice beasts
  A sky beast (D:7)
  A swamp drake (D:11)
  2 black bears
  5 ogres
  8 centaurs
  2 bullfrogs (D:9)
  3 gnoll sergeants
  3 kobold brigands
  6 scorpions
  5 wights
  2 howler monkeys
  A jelly (D:6)
  4 hounds
  7 orc priests
  3 gnoll boudas
  3 iguanas
  6 orc wizards
  23 gnolls
  8 adders
  A shadow imp (D:7)
  A white imp (D:7)
  2 ufetubi (D:5)
  2 worms (D:3)
  5 dart slugs
  44 orcs
  4 bats
  4 endoplasms
  7 giant cockroaches
  15 goblins
  8 hobgoblins
  13 kobolds
  10 quokkas
  6 ball pythons
  3 frilled lizards
  3 rats
251 creatures vanquished.

Vanquished Creatures (others)
  A fungus (D:10)
  2 plants (D:3)
3 creatures vanquished.

Grand Total: 254 creatures vanquished

Notes
Turn   | Place    | Note
-------+----------+-------------------------------------------
     0 | D:1      | qw the Gargoyle Fighter began the quest for the Orb.
     0 | D:1      | Reached XP level 1. HP: 14/14 MP: 1/1
     0 | D:1      | 0 ||| qw: Version: 0.2-a-12-gaebbb33
     0 | D:1      | 0 ||| qw: Game counter: 1142
     0 | D:1      | 0 ||| qw: Always use a shield: true
     0 | D:1      | 0 ||| qw: God list: Okawaru
     0 | D:1      | 0 ||| qw: Allow faded altars: false
     0 | D:1      | 0 ||| qw: Do Orc after D:15 true
     0 | D:1      | 0 ||| qw: Do second Lair branch before Depths: true
     0 | D:1      | 0 ||| qw: Lair rune preference: random
     0 | D:1      | 0 ||| qw: Plans: Normal, Zot:1-4, God:TSO, Crypt, Tomb,
                  | Pan, Slime:5, Hells, Abyss, Orb
     0 | D:1      | 0 ||| PLANNING D:1-11
    50 | D:1      | 50 ||| Stepping ~*~*~tactically~*~*~ (stealth).
    51 | D:1      | 51 ||| Stepping ~*~*~tactically~*~*~ (stealth).
   230 | D:1      | 230 ||| Stepping ~*~*~tactically~*~*~ (stealth).
   231 | D:1      | 231 ||| Stepping ~*~*~tactically~*~*~ (stealth).
   247 | D:1      | Reached XP level 2. HP: 9/19 MP: 2/2
   699 | D:1      | 699 ||| UPGRADING to +0 tower shield.
   709 | D:1      | 709 ||| DROPPING +0 buckler.
   710 | D:1      | 710 ||| UPGRADING to +0 chain mail.
   720 | D:1      | 720 ||| DROPPING +0 scale mail.
   753 | D:2      | 753 ||| STAIRDANCE
   855 | D:2      | 855 ||| Stepping ~*~*~tactically~*~*~ (stealth).
   868 | D:2      | Reached XP level 3. HP: 23/23 MP: 3/3
   895 | D:2      | Found a radiant altar of Vehumet.
   921 | D:2      | Identified the +4 leather armour of the Bulwark {+Blink
                  | Int+3}
   925 | D:2      | Reached skill level 4 in Shields
  1244 | D:2      | Reached XP level 4. HP: 26/28 MP: 4/4
  1332 | D:2      | 1332 ||| Stepping ~*~*~tactically~*~*~ (stealth).
  1443 | D:2      | 1443 ||| UPGRADING to ring of see invisible.
  1444 | D:2      | 1444 ||| READING scroll labelled VIDAOP NEESK.
  1445 | D:2      | 1445 ||| READING scroll labelled VEAG XAOVVIGGY.
  1446 | D:2      | 1446 ||| READING 2 scrolls labelled PEESIUDAMM.
  1528 | D:3      | 1528 ||| Stepping ~*~*~tactically~*~*~ (stealth).
  1566 | D:3      | Reached skill level 5 in Shields
  1664 | D:3      | Reached skill level 3 in Axes
  1734 | D:3      | Identified the +5 robe of the Sunfish {rElec rF+ Slay+2}
  1741 | D:3      | Noticed an ogre
  1746 | D:3      | 1746 ||| Stepping ~*~*~tactically~*~*~ (stealth).
  1749 | D:3      | Reached XP level 5. HP: 32/32 MP: 5/5
  1751 | D:3      | Killed an ogre
  1752 | D:3      | Reached skill level 6 in Shields
  1791 | D:3      | 1791 ||| FLEEEEING.
  1985 | D:3      | 1985 ||| Stepping ~*~*~tactically~*~*~ (hiding).
  2216 | D:3      | Found a faded altar of an unknown god.
  2284 | D:3      | Reached XP level 6. HP: 37/37 MP: 6/6
  2806 | D:3      | 2806 ||| UPGRADING to +0 cloak.
  2811 | D:3      | 2811 ||| READING 2 scrolls labelled GUNUIS MIOGH.
  2812 | D:3      | 2812 ||| READING scroll labelled VUERAI OTHRAENLUS.
  2815 | D:3      | 2815 ||| DROPPING scroll of magic mapping.
  3161 | D:4      | Reached skill level 7 in Shields
  3358 | D:4      | 3358 ||| Stepping ~*~*~tactically~*~*~ (stealth).
  3360 | D:4      | 3360 ||| Stepping ~*~*~tactically~*~*~ (stealth).
  3361 | D:4      | 3361 ||| Stepping ~*~*~tactically~*~*~ (stealth).
  3369 | D:4      | HP: 9/37 [orc priest/+0 whip (1)]
  3371 | D:4      | HP: 4/37 [orc priest/nerve-wracking pain (5)]
  3663 | D:4      | 3663 ||| Stepping ~*~*~tactically~*~*~ (hiding).
  3690 | D:4      | Reached XP level 7. HP: 23/41 MP: 7/7
  4305 | D:4      | 4305 ||| UPGRADING to +4 ring of evasion.
  4306 | D:4      | 4306 ||| READING scroll labelled IBLECL JODIARCH.
  4307 | D:4      | 4307 ||| DRINKING 2 sapphire potions.
  4308 | D:4      | 4308 ||| READING 2 scrolls of identify.
  4308 | D:4      | 4308 ||| IDENTIFYING metallic yellow potion
  4325 | D:5      | Entered Level 5 of the Dungeon
  4335 | D:5      | Reached skill level 8 in Shields
  4335 | D:5      | 4335 ||| STAIRDANCE
  4394 | D:5      | Found Osizycue's Book Boutique.
  4507 | D:5      | 4507 ||| READING scroll of enchant weapon.
  4507 | D:5      | 4507 ||| ENCHANTING +1 war axe.
  4737 | D:5      | Reached XP level 8. HP: 46/46 MP: 8/8
  4772 | D:5      | 4772 ||| Stepping ~*~*~tactically~*~*~ (hiding).
  4965 | D:5      | Reached skill level 9 in Shields
  5224 | D:5      | Found an opulent altar of Gozag.
  5236 | D:5      | 5236 ||| DROPPING +5 robe of the Sunfish {rElec rF+
                  | Slay+2}.
  5237 | D:5      | 5237 ||| UPGRADING to +0 plate armour.
  5247 | D:5      | 5247 ||| DROPPING +0 chain mail.
  5248 | D:5      | 5248 ||| UPGRADING to +1 cloak.
  5258 | D:5      | 5258 ||| DROPPING +0 cloak.
  5259 | D:5      | 5259 ||| READING scroll labelled KUQON WYAWKAISICA.
  5260 | D:5      | 5260 ||| DRINKING 2 fuming black potions.
  5261 | D:5      | 5261 ||| READING 2 scrolls of identify.
  5261 | D:5      | 5261 ||| IDENTIFYING sedimented sapphire potion
  5262 | D:5      | 5262 ||| DROPPING potion of magic.
  5785 | D:6      | Found a glowing golden altar of the Shining One.
  5802 | D:6      | Reached skill level 6 in Axes
  5956 | D:6      | 5956 ||| Stepping ~*~*~tactically~*~*~ (hiding).
  5967 | D:6      | 5967 ||| DRINKING potion of curing.
  5967 | D:6      | 5967 ||| (to cure confusion)
  6132 | D:6      | 6132 ||| Stepping ~*~*~tactically~*~*~ (stealth).
  6138 | D:6      | Reached skill level 10 in Shields
  6463 | D:6      | 6463 ||| DROPPING amulet of faith.
  6464 | D:6      | 6464 ||| READING scroll labelled EQALOM KOPSEAT.
  6465 | D:6      | 6465 ||| READING scroll labelled XAGEVA JYATENT.
  6466 | D:6      | 6466 ||| READING scroll labelled KIKINUISIW.
  6467 | D:6      | 6467 ||| READING 2 scrolls of identify.
  6467 | D:6      | 6467 ||| IDENTIFYING lumpy grey potion
  6468 | D:6      | 6468 ||| DROPPING potion of berserk rage.
  6547 | D:7      | 6547 ||| Stepping ~*~*~tactically~*~*~ (hiding).
  6562 | D:7      | Reached XP level 9. HP: 36/52 MP: 9/9
  6578 | D:7      | 6578 ||| Stepping ~*~*~tactically~*~*~ (stealth).
  6594 | D:7      | 6594 ||| FLEEEEING.
  6595 | D:7      | 6595 ||| FLEEEEING.
  6596 | D:7      | 6596 ||| FLEEEEING.
  6597 | D:7      | 6597 ||| FLEEEEING.
  6598 | D:7      | 6598 ||| FLEEEEING.
  6599 | D:7      | 6599 ||| FLEEEEING.
  6600 | D:7      | 6600 ||| FLEEEEING.
  6602 | D:7      | 6602 ||| FLEEEEING.
  6603 | D:7      | 6603 ||| STAIRDANCE
  6797 | D:7      | 6797 ||| DROPPING +0 whip.
  6827 | D:7      | Found a staircase to the Ecumenical Temple.
  6827 | D:7      | Found a flagged portal.
  6828 | D:7      | 6828 ||| PLANNING TEMPLE
  6828 | D:7      | 6828 ||| Stepping ~*~*~tactically~*~*~ (hiding).
  6893 | D:7      | 6893 ||| DRINKING 2 fuming orange potions.
  6900 | Temple   | Entered the Ecumenical Temple
  6960 | Temple   | 6960 ||| PLANNING OKAWARU WORSHIP
  7114 | Temple   | Became a worshipper of Warmaster Okawaru
  7115 | Temple   | 7115 ||| PLANNING D:1-11
  7133 | D:7      | Identified the +3 hand axe of Gil Fantu {protect, Dex+2}
  7290 | D:7      | 7290 ||| Stepping ~*~*~tactically~*~*~ (hiding).
  7304 | D:7      | Reached skill level 1 in Dodging
  7726 | D:7      | Found a runed translucent gate.
  7726 | D:7      | Found a runed translucent gate.
  7727 | D:7      | Found a runed translucent gate.
  7730 | D:7      | Noticed qw's ghost (novice GrFi)
  7730 | D:7      | Noticed qw's ghost (novice GrFi)
  7766 | D:7      | Found Isucolu's One-of-a-Kind Rings.
  7771 | D:7      | 7771 ||| BUYING +2 ring of protection (100 gold).
  7771 | D:7      | Bought a +2 ring of protection for 100 gold pieces
  7771 | D:7      | 7771 ||| BUYING +3 ring of evasion (210 gold).
  7771 | D:7      | Bought a +3 ring of evasion for 210 gold pieces
  7771 | D:7      | 7771 ||| SHOPLISTING +8 ring of strength (550 gold, have
                  | 117).
  7771 | D:7      | 7771 ||| SHOPLISTING ring of Osarr {Fly rC+ Str+3} (404
                  | gold, have 117).
  8136 | D:7      | 8136 ||| DROPPING ring of positive energy.
  8137 | D:7      | 8137 ||| DROPPING +2 ring of protection.
  8138 | D:7      | 8138 ||| READING scroll labelled JYISMETOJAL.
  8239 | D:7      | 8239 ||| DRINKING 2 viscous golden potions.
  8240 | D:7      | 8240 ||| READING 2 scrolls of identify.
  8240 | D:7      | 8240 ||| IDENTIFYING yellow potion
  8241 | D:7      | 8241 ||| DROPPING potion of invisibility.
  8242 | D:7      | 8242 ||| DROPPING potion of flight.
  8682 | D:8      | Identified the amulet "Veemoy Omupt" {Regen+ Int+6}
  8740 | D:8      | 8740 ||| Stepping ~*~*~tactically~*~*~ (stealth).
  8742 | D:8      | 8742 ||| Stepping ~*~*~tactically~*~*~ (stealth).
  8760 | D:8      | 8760 ||| Stepping ~*~*~tactically~*~*~ (stealth).
  8764 | D:8      | 8764 ||| DRINKING potion of curing.
  8764 | D:8      | 8764 ||| (to cure confusion)
  8774 | D:8      | Reached * piety under Okawaru
  8810 | D:8      | 8810 ||| Stepping ~*~*~tactically~*~*~ (stealth).
  8811 | D:8      | 8811 ||| INVOKING Heroism.
  8822 | D:8      | Reached skill level 1 in Throwing
  8822 | D:8      | 8822 ||| INVOKING Heroism.
  8832 | D:8      | 8832 ||| FLEEEEING.
  8833 | D:8      | 8833 ||| FLEEEEING.
  8834 | D:8      | 8834 ||| FLEEEEING.
  8835 | D:8      | 8835 ||| FLEEEEING.
  8836 | D:8      | 8836 ||| FLEEEEING.
  8837 | D:8      | 8837 ||| FLEEEEING.
  8838 | D:8      | 8838 ||| FLEEEEING.
  8839 | D:8      | 8839 ||| FLEEEEING.
  8840 | D:8      | 8840 ||| FLEEEEING.
  8841 | D:8      | 8841 ||| FLEEEEING.
  8842 | D:8      | 8842 ||| FLEEEEING.
  8843 | D:8      | 8843 ||| FLEEEEING.
  8844 | D:8      | 8844 ||| FLEEEEING.
  8845 | D:8      | 8845 ||| FLEEEEING.
  8846 | D:8      | 8846 ||| FLEEEEING.
  8853 | D:8      | Reached skill level 1 in Invocations
  8928 | D:8      | Found a hide-covered altar of Uskayaw.
  8940 | D:8      | Found an ornate altar of the Wu Jian Council.
  9244 | D:8      | Found a sacrificial altar of Ru.
  9245 | D:8      | 9245 ||| UPGRADING to amulet "Veemoy Omupt" {Regen+ Int+6}.
  9250 | D:8      | 9250 ||| READING scroll labelled WUGOVIXUGU.
  9251 | D:8      | 9251 ||| READING 2 scrolls of identify.
  9251 | D:8      | 9251 ||| IDENTIFYING white potion
  9286 | D:9      | 9286 ||| INVOKING Heroism.
  9296 | D:9      | Reached XP level 10. HP: 57/59 MP: 8/11
  9340 | D:9      | Reached skill level 3 in Invocations
  9364 | D:9      | 9364 ||| Stepping ~*~*~tactically~*~*~ (hiding).
  9365 | D:9      | 9365 ||| Stepping ~*~*~tactically~*~*~ (hiding).
  9366 | D:9      | 9366 ||| INVOKING Heroism.
  9367 | D:9      | Identified the +1 robe of the Sacrificial Victim {+Inv rC++
                  | Int+2 Dex-4}
  9368 | D:9      | 9368 ||| Stepping ~*~*~tactically~*~*~ (hiding).
  9387 | D:9      | Reached skill level 11 in Shields
  9389 | D:9      | 9389 ||| INVOKING Heroism.
  9430 | D:9      | 9430 ||| Stepping ~*~*~tactically~*~*~ (stealth).
  9431 | D:9      | 9431 ||| INVOKING Heroism.
  9438 | D:9      | 9438 ||| Stepping ~*~*~tactically~*~*~ (stealth).
  9477 | D:9      | Found Suda Aloatz's Vocational Training.
  9495 | D:9      | Noticed an unseen horror
  9504 | D:9      | Killed an unseen horror
  9505 | D:9      | Reached skill level 6 in Fighting
  9532 | D:9      | Noticed an obsidian statue
  9534 | D:9      | 9534 ||| Stepping ~*~*~tactically~*~*~ (hiding).
  9536 | D:9      | 9536 ||| Stepping ~*~*~tactically~*~*~ (hiding).
  9537 | D:9      | 9537 ||| Stepping ~*~*~tactically~*~*~ (hiding).
  9538 | D:9      | 9538 ||| Stepping ~*~*~tactically~*~*~ (hiding).
  9539 | D:9      | 9539 ||| Stepping ~*~*~tactically~*~*~ (hiding).
  9540 | D:9      | 9540 ||| INVOKING Heroism.
  9548 | D:9      | 9548 ||| Stepping ~*~*~tactically~*~*~ (hiding).
  9556 | D:9      | Gained mutation: Armour fits poorly on your strangely
                  | shaped body. [a neqoxec]
  9560 | D:9      | Noticed an orange demon
  9562 | D:9      | Noticed a soul eater
  9572 | D:9      | 9572 ||| INVOKING Heroism.
  9578 | D:9      | 9578 ||| DRINKING 2 potions of mutation.
  9578 | D:9      | Lost mutation: Armour fits poorly on your strangely shaped
                  | body. [potion of mutation]
  9578 | D:9      | Gained mutation: Your flesh is heat resistant. (rF+)
                  | [potion of mutation]
  9578 | D:9      | Lost mutation: Your flesh is heat resistant. (rF+) [potion
                  | of mutation]
  9578 | D:9      | Gained mutation: You are dopey. (Int -2) [potion of
                  | mutation]
  9578 | D:9      | Gained mutation: You are partially covered in iridescent
                  | scales. (AC +2) [potion of mutation]
  9594 | D:9      | 9594 ||| FLEEEEING.
  9595 | D:9      | 9595 ||| FLEEEEING.
  9596 | D:9      | 9596 ||| FLEEEEING.
  9600 | D:9      | 9600 ||| INVOKING Heroism.
  9644 | D:9      | 9644 ||| INVOKING Heroism.
  9660 | D:9      | Noticed a sun demon
  9668 | D:9      | Noticed an orange demon
  9834 | D:9      | Found a shadowy altar of Dithmenos.
  9935 | D:9      | 9935 ||| INVOKING Heroism.
  9936 | D:9      | 9936 ||| READING scroll labelled OMEFIPNESTRO.
  9937 | D:9      | 9937 ||| DROPPING +0 flail.
 10026 | D:10     | Entered Level 10 of the Dungeon
 10027 | D:10     | 10027 ||| STAIRDANCE
 10037 | D:10     | 10037 ||| INVOKING Heroism.
 10057 | D:10     | Noticed a gargoyle
 10071 | D:10     | 10071 ||| INVOKING Heroism.
 10072 | D:10     | Killed a gargoyle
 10118 | D:10     | Found a blossoming altar of Fedhas.
 10123 | D:10     | Found a stormy altar of Qazlal.
 10206 | D:10     | 10206 ||| Stepping ~*~*~tactically~*~*~ (stealth).
 10208 | D:10     | 10208 ||| INVOKING Heroism.
 10213 | D:10     | Noticed a centaur warrior
 10223 | D:10     | Reached ** piety under Okawaru
 10224 | D:10     | Reached skill level 9 in Axes
 10225 | D:10     | Killed a centaur warrior
 10232 | D:10     | 10232 ||| INVOKING Heroism.
 10294 | D:10     | Reached skill level 12 in Shields
 10312 | D:10     | Reached XP level 11. HP: 58/66 MP: 14/14
 10388 | D:10     | 10388 ||| INVOKING Heroism.
 10582 | D:10     | 10582 ||| READING 3 scrolls of identify.
 10582 | D:10     | 10582 ||| IDENTIFYING inky potion
 10583 | D:10     | 10583 ||| READING 2 scrolls of identify.
 10583 | D:10     | 10583 ||| IDENTIFYING fuming sapphire potion
 10584 | D:10     | 10584 ||| DROPPING potion of degeneration.
 10585 | D:10     | 10585 ||| DROPPING potion of brilliance.
 10620 | D:11     | 10620 ||| Stepping ~*~*~tactically~*~*~ (hiding).
 10622 | D:11     | 10622 ||| Stepping ~*~*~tactically~*~*~ (hiding).
 10623 | D:11     | 10623 ||| Stepping ~*~*~tactically~*~*~ (hiding).
 10639 | D:11     | Found a staircase to the Orcish Mines.
 10645 | D:11     | 10645 ||| Stepping ~*~*~tactically~*~*~ (stealth).
 10647 | D:11     | 10647 ||| Stepping ~*~*~tactically~*~*~ (stealth).
 10653 | D:11     | 10653 ||| Stepping ~*~*~tactically~*~*~ (hiding).
 10662 | D:11     | 10662 ||| Stepping ~*~*~tactically~*~*~ (stealth).
 10666 | D:11     | 10666 ||| Stepping ~*~*~tactically~*~*~ (hiding).
 10698 | D:11     | 10698 ||| Stepping ~*~*~tactically~*~*~ (stealth).
 10731 | D:11     | 10731 ||| Stepping ~*~*~tactically~*~*~ (stealth).
 10732 | D:11     | 10732 ||| Stepping ~*~*~tactically~*~*~ (stealth).
 10734 | D:11     | 10734 ||| Stepping ~*~*~tactically~*~*~ (hiding).
 10829 | D:11     | Noticed a death yak
 10830 | D:11     | 10830 ||| FLEEEEING.
 10830 | D:11     | Noticed a death yak
 10831 | D:11     | 10831 ||| FLEEEEING.
 10832 | D:11     | 10832 ||| FLEEEEING.
 10833 | D:11     | 10833 ||| FLEEEEING.
 10834 | D:11     | 10834 ||| FLEEEEING.
 10834 | D:11     | Noticed a death yak
 10835 | D:11     | 10835 ||| FLEEEEING.
 10836 | D:11     | 10836 ||| FLEEEEING.
 10837 | D:11     | 10837 ||| FLEEEEING.
 10838 | D:11     | 10838 ||| FLEEEEING.
 10839 | D:11     | 10839 ||| FLEEEEING.
 10840 | D:11     | 10840 ||| FLEEEEING.
 10841 | D:11     | 10841 ||| FLEEEEING.
 10842 | D:11     | 10842 ||| FLEEEEING.
 10843 | D:11     | 10843 ||| FLEEEEING.
 10844 | D:11     | 10844 ||| STAIRDANCE
 10948 | D:11     | 10948 ||| STAIRDANCE
 10950 | D:10     | 10950 ||| INVOKING Heroism.
 10957 | D:10     | Killed a death yak
 10957 | D:10     | Reached *** piety under Okawaru
 10958 | D:10     | Reached skill level 6 in Armour
 10964 | D:10     | Killed a death yak
 10983 | D:11     | Noticed a death yak
 10984 | D:11     | 10984 ||| STAIRDANCE
 10986 | D:10     | 10986 ||| INVOKING Heroism.
 10995 | D:10     | Killed a death yak
 11001 | D:11     | Noticed a death yak
 11002 | D:11     | 11002 ||| STAIRDANCE
 11007 | D:10     | 11007 ||| INVOKING Heroism.
 11011 | D:10     | Killed a death yak
 11024 | D:11     | 11024 ||| STAIRDANCE
 11026 | D:10     | 11026 ||| INVOKING Heroism.
 11032 | D:10     | Killed a death yak
 11032 | D:10     | Reached **** piety under Okawaru
 11043 | D:11     | 11043 ||| STAIRDANCE
 11053 | D:11     | Noticed a white ugly thing
 11054 | D:11     | 11054 ||| STAIRDANCE
 11056 | D:10     | 11056 ||| INVOKING Heroism.
 11074 | D:11     | 11074 ||| STAIRDANCE
 11076 | D:10     | 11076 ||| INVOKING Heroism.
 11079 | D:10     | HP: 13/67 [white ugly thing (16)]
 11080 | D:10     | 11080 ||| READING 3 scrolls of teleportation.
 11080 | D:10     | HP: 5/67 [white ugly thing (9)]
 11080 | D:10     | Annihilated by a white ugly thing

Levels and vault maps discovered:
D:1:      shiori_arrival_maze, layout_rooms, minmay_worlds_worst_comb
D:2:      layout_rooms, basic_altar, reono_crystal_passage
D:3:      minmay_razor_zed, layout_basic, dreamdust_ecumenical_altar_grove,
          minmay_ogre_servants
D:4:      layout_basic, serial_curves, eino_curves_02, eino_curves_04,
          eino_tiny_chamber
D:5:      layout_rooms, mainiacjoe_overflow_alcove_2, serial_shops,
          nicolae_shop_waterfront, serial_park_tiny_pond,
          kennysheep_generic_room_9
D:6:      layout_basic, mainiacjoe_overflow_brackets
D:7:      layout_basic, minmay_temple_entry_proselytizer,
          gammafunk_ghost_cemetery, enter_bailey_2, nicolae_shop_unique_rings,
          minmay_manual_mares
D:8:      layout_basic, mainiacjoe_overflow_big_doors, old_standard_altar,
          fountainhead
D:9:      layout_basic, amcnicky_altar_gilded, minivault_15,
          nicolae_shop_vocational
D:10:     layout_rooms, grunt_temple_overflow_forces_of_nature,
          amcnicky_mini_pool_medium
D:11:     layout_loops_corners, dpeg_lair_monsters, erik_orc_1,
          nicolae_trove_entry_crossroad, ebering_ghost_gozag
Temple:   eino_temple_water

Skill      XL: |  1  2  3  4  5  6  7  8  9 10 11 |
---------------+----------------------------------+-----
Axes           | 2 3 4 5 6 7 9 10 | 10.0
Shields        | 4 5 6 7 8 10 12 | 12.5
Fighting       | 4 5 6 7 |  7.3
Dodging        | 1 |  1.4
Armour         | 4 5 6 |  6.6
Throwing       | 1 |  1.4
Invocations    | 1 4 |  4.9

Action                   |  1- 3 |  4- 6 |  7- 9 | 10-12 || total
-------------------------+-------+-------+-------+-------++-------
Melee: War axe           |    77 |   149 |   340 |   307 ||   873
Throw: Boomerang         |    14 |    39 |    24 |    29 ||   106
Invok: Heroism           |       |       |     3 |    19 ||    22
  Use: Scroll            |       |     5 |    13 |     4 ||    22
       Potion            |       |       |     6 |     1 ||     7
 Stab: Confused          |       |       |       |     1 ||     1
Armor: Scale mail        |    13 |       |       |       ||    13
       Chain mail        |    25 |    99 |    59 |       ||   183
       Plate armour      |       |       |   160 |   127 ||   287
Dodge: Dodged            |    15 |    20 |   137 |   111 ||   283
Block: Buckler           |     5 |       |       |       ||     5
       Tower shield      |    34 |   124 |   362 |   294 ||   814

Table legend:
 A = Non-vault XP
 B = Vault XP
 C = Vault XP percentage of total XP
 D = Non-vault monster count
 E = Vault monster count
 F = Vault count percentage of total count
                 A         B        C        D         E       F
            +---------+---------+-------+---------+---------+-------
      Total |    8360 |    6919 |  45.3 |     194 |      57 |  22.7
            +---------+---------+-------+---------+---------+-------
        D:1 |      18 |       7 |  28.0 |       9 |       4 |  30.8
        D:2 |      62 |       0 |   0.0 |      21 |       0 |   0.0
        D:3 |     130 |     163 |  55.6 |      20 |      20 |  50.0
        D:4 |     442 |       0 |   0.0 |      22 |       0 |   0.0
        D:5 |     665 |      75 |  10.1 |      16 |       1 |   5.9
        D:6 |     739 |       0 |   0.0 |      23 |       0 |   0.0
        D:7 |     900 |     266 |  22.8 |      21 |       3 |  12.5
        D:8 |    1084 |       0 |   0.0 |      20 |       0 |   0.0
        D:9 |    1894 |       0 |   0.0 |      29 |       0 |   0.0
       D:10 |    2426 |    5852 |  70.7 |      13 |      12 |  48.0
       D:11 |       0 |     556 | 100.0 |       0 |      17 | 100.0
            +---------+---------+-------+---------+---------+-------
